AoeStats
← JarudO

Arabia

509403928Analyzed
1v1 RM · 6d ago on Sep 26, 2026· 44m 28s· 2 players
Game mode
Random Map
Map size
Tiny (2 player)
Population
200
Speed
Normal
Resources
Standard
Victory
Conquest
Starting age
Dark Age
Ending age
Imperial Age
RankedLock teamsTeams togetherTeam positionsShared explorationLock speedFull tech treeHidden civsTurbo modeCheats
Victory
Defeat
🇩🇪 Ethiopians · Germany
1115
+18
🇩🇪 Saxons · Germany
1157
-18
JHON_BOLTO
6:36 Loom
9:39 Feudal Age
13:43 Fletching
18:58 Castle Age
19:19 Double-Bit Axe
21:02 Crossbowman
34:16 Horse Collar
40:24 Imperial Age
42:10 Chemistry
41:14 Bodkin Arrow
41:34 Forging
41:26 Scale Mail Armor
42:53 Conscription
JarudO
7:39 Loom
7:46 Loom
10:19 Feudal Age
15:52 Castle Age
16:59 Double-Bit Axe
18:05 Fletching
20:09 Scale Mail Armor
38:12 Imperial Age
37:52 Chain Mail Armor
Connection lost

Rejoining the realm…

Still unreachable

The connection could not be restored.

Session expired

The server has moved on; the page needs a fresh start.